 Dungeon Crawl Stone Soup version 0.18.1-48-g4cf74bf (webtiles) character file.

353 tyranidshit the Grave Robber (level 6, -2/57 HPs)
             Began as a Deep Dwarf Necromancer on July 11, 2016.
             Slain by an ogre
             ... wielding a +0 giant club
              (18 damage)
             ... on level 4 of the Dungeon.
             The game lasted 00:17:55 (2187 turns).

tyranidshit the Grave Robber (DDNe)                 Turns: 2187, Time: 00:17:56

Health: -2/57      AC:  6    Str: 12    XL:     6   Next: 35%
Magic:  1/11       EV: 12    Int: 19    God:
Gold:   116        SH:  0    Dex: 13    Spells: 2 memorised, 9 levels left

rFire  . . .     SeeInvis .     u - +1 great mace (crush)
rCold  + . .     Gourm    .     s - +2 robe {rC+}
rNeg   . . .     Faith    .     (shield currently unavailable)
rPois  .         Spirit   .     (no helmet)
rElec  .         Dismiss  .     (no cloak)
rCorr  .         Reflect  .     n - +1 pair of gloves
SustAt .         Harm     .     (no boots)
MR     .....                    (no amulet)
Stlth  ++........               (no ring)
                                o - +2 ring of intelligence

@: very slightly contaminated, non-regenerating, not resistant to hostile
enchantments, unstealthy
A: damage resistance, recharge devices, sense surroundings 1, slow regeneration
3
a: Device Recharging


You were on level 4 of the Dungeon.
You were hungry.

You visited 1 branch of the dungeon, and saw 4 of its levels.

You collected 116 gold pieces.

Inventory:

Hand Weapons
 f - a +1 mace of holy wrath
 h - a +0 morningstar
 r - a +0 short sword
 u - a +1 great mace of crushing (weapon)
Missiles
 k - 34 poisoned needles
Armour
 n - a +1 pair of gloves (worn)
 s - a +2 robe of cold resistance (worn)
Jewellery
 o - a +2 ring of intelligence (left hand)
Wands
 c - a wand of heal wounds (1/9)
 j - a wand of flame (31/48)
Scrolls
 p - a scroll of identify
Potions
 g - 3 potions of brilliance {unknown}
 i - 2 potions of resistance {unknown}
 l - 2 potions of might {unknown}
 m - 2 potions of beneficial mutation {unknown}
 q - a potion of cancellation {unknown}
Books
 b - a book of Necromancy

   Spells                             Type                      Level
   a - Pain                           Necromancy                   1
   b - Animate Skeleton               Necromancy                   1
   c - Vampiric Draining              Necromancy                   3
   d - Regeneration                   Charms/Necromancy            3
   e - Animate Dead                   Necromancy                   4
   f - Control Undead                 Necromancy                   4


   Skills:
 + Level 3.9 Fighting
 - Level 2.1 Dodging
 - Level 2.4 Stealth
 + Level 4.2 Spellcasting
 - Level 4.3 Necromancy


You had 9 spell levels left.
You knew the following spells:

 Your Spells              Type           Power        Failure   Level  Hunger
a - Pain                  Necr           ###.         2%          1    None
b - Vampiric Draining     Necr           ###.......   10%         3    ###....


Dungeon Overview and Level Annotations

Branches:
Dungeon (4/15)
 Temple: D:4-7

Altars:
Cheibriados
Makhleb
Okawaru


Innate Abilities, Weirdness & Mutations

You are resistant to damage.
You can recharge devices by infusing magical energy.
You passively map a small area around you.
You do not regenerate naturally.


Message History

You don't know that spell.
You hit the ogre.
The ogre is heavily wounded.
The ogre misses you.
Casting: Vampiric Draining
Confirm with . or Enter, or press ? or * to list all spells.
Aiming: Pain
Press: ? - help, Shift-Dir - straight line, f/p - ogre
Aim: an ogre, wielding a giant club (heavily wounded, chance to defeat MR: 80%)
The ogre convulses in agony!
The ogre hits you but does no damage.
Casting: Pain
Confirm with . or Enter, or press ? or * to list all spells.
Aiming: Pain
Press: ? - help, Shift-Dir - straight line, f/p - ogre
Aim: an ogre, wielding a giant club (heavily wounded, chance to defeat MR: 80%)
The ogre convulses in agony!
The ogre closely misses you.
You barely miss the ogre.
The ogre is severely wounded.
The ogre hits you with a giant club!!
You die...

, , *######## ,
##..?...# ,
#......#* ..
#..@O..#
..#......#
#.##..#..# * *
#.##..#### ..
#......# #.#.*
#......# #..
#......# #...
#.....##
*##...##.....##


You could see an ogre.

Vanquished Creatures
  A phantom (D:4)
  The ghost of junkhipster the Covered, a weakling GrFi (D:3)
  An orc priest (D:3)
  Jessica (D:3)
  Ijyb (D:2)
  Terence (D:2)
  A worker ant (D:3)
  3 adders
  An ooze (D:1)
  A worm (D:3)
  3 dart slugs
  2 giant geckos
  5 orcs
  A ball python (D:1)
  4 bats
  A giant cockroach (D:3)
  5 goblins
  7 hobgoblins
  3 giant newts
  7 kobolds
  11 rats
61 creatures vanquished.

Notes
Turn   | Place    | Note
--------------------------------------------------------------
     0 | D:1      | tyranidshit the Deep Dwarf Necromancer began the quest for the Orb.
     0 | D:1      | Reached XP level 1. HP: 15/15 MP: 3/3
   137 | D:1      | Reached skill level 1 in Fighting
   138 | D:1      | Reached XP level 2. HP: 15/25 MP: 0/5
   416 | D:1      | Reached XP level 3. HP: 26/32 MP: 0/6
   434 | D:1      | Learned a level 3 spell: Vampiric Draining
   634 | D:2      | Found an iron altar of Okawaru.
   646 | D:2      | Noticed Terence
   674 | D:2      | Killed Terence
   693 | D:2      | Noticed Ijyb
   705 | D:2      | Killed Ijyb
   705 | D:2      | Reached XP level 4. HP: 30/40 MP: 1/8
   768 | D:2      | Found a snail-covered altar of Cheibriados.
  1310 | D:3      | Noticed junkhipster's ghost (weakling GrFi)
  1341 | D:3      | Found a burning altar of Makhleb.
  1357 | D:3      | HP: 2/40 [junkhipster's ghost (12)]
  1373 | D:3      | Killed junkhipster's ghost
  1373 | D:3      | Reached XP level 5. HP: 26/49 MP: 6/10
  1854 | D:3      | Noticed Jessica
  1861 | D:3      | Killed Jessica
  2099 | D:4      | Reached XP level 6. HP: 27/56 MP: 1/11
  2187 | D:4      | Slain by an ogre

Skill      XL: |  1  2  3  4  5 |
---------------+----------------+-----
Spellcasting   | 2 3 4 |  4.2
Fighting       | 1 2 3 |  3.9
Dodging        | |  2.1
Stealth        | |  2.4
Necromancy     | |  4.3

Action                   |  1- 3 |  4- 6 || total
-------------------------+-------+-------++-------
Melee: Club              |    28 |       ||    28
       Unarmed           |     3 |       ||     3
       Short sword       |    20 |       ||    20
       Mace              |     8 |    59 ||    67
       Morningstar       |       |     8 ||     8
       Great mace        |       |    47 ||    47
 Cast: Pain              |    50 |    10 ||    60
       Vampiric Draining |     1 |    19 ||    20
 Abil: Device Recharging |       |     1 ||     1
Evoke: Wand              |     2 |     9 ||    11
  Use: Scroll            |     7 |     2 ||     9
       Potion            |       |     1 ||     1
 Stab: Distracted        |     1 |       ||     1
       Sleeping          |       |     4 ||     4
  Eat: Bread ration      |       |     1 ||     1
       Beef jerky        |       |     1 ||     1
       Chunk             |       |     1 ||     1
Armor: Robe              |     6 |    43 ||    49
Dodge: Dodged            |    64 |   106 ||   170
